 Dungeon Crawl Stone Soup version 0.25-a0-842-g81a31cfd23 (webtiles) character file.

Game seed: 4202023229971928433, levelgen mode: classic

7 Amnesiac the Gusty (level 1, -3/10 HPs)
             Began as a Deep Elf Air Elementalist on Apr 24, 2020.
             Killed from afar by Ijyb (6 damage)
             ... with a burst of metal fragments
             ... on level 3 of the Dungeon.
             The game lasted 00:00:45 (273 turns).

Amnesiac the Gusty (Deep Elf Air Elementalist)       Turns: 273, Time: 00:00:46

Health: -3/10      AC:  2    Str:  5    XL:     1   Next: 91%
Magic:  4/6        EV: 13    Int: 19    God:
Gold:   39         SH:  0    Dex: 15    Spells: 5/6 levels left

rFire    . . .     SeeInvis .   (no weapon)
rCold    . . .     Gourm    .   (no shield)
rNeg     . . .     Faith    .   a - +0 robe
rPois    .         Spirit   .   (no helmet)
rElec    .         Reflect  .   (no cloak)
rCorr    .         Harm     .   (no gloves)
MR       .....                  (no boots)
Stlth    ++........             (no amulet)
HPRegen  0.03/turn              (no ring)
MPRegen  0.10/turn              (no ring)

@: no status effects
A: no striking features
a: no special abilities


You were on level 3 of the Dungeon.
You were not hungry.

You visited 1 branch of the dungeon, and saw 3 of its levels.

You collected 39 gold pieces.

Inventory:

Armour
 a - a +0 robe (worn)
Scrolls
 b - a scroll of identify {!r, unknown}
 e - 3 scrolls of enchant weapon {!r, unknown}
 f - 2 scrolls of enchant armour {!r, unknown}
 g - a scroll of teleportation {!r, unknown}
 j - a scroll of remove curse {!r, unknown}
Potions
 h - a potion of curing {!q, unknown}
 i - a potion of brilliance {!q, unknown}
Comestibles
 c - a ration
 d - a chunk of flesh


   Skills:
 - Level 2.4 Dodging
 - Level 2.4 Stealth
 + Level 3.3 Spellcasting
 - Level 1.1 Conjurations
 * Level 3.3 Air Magic


You had 5 spell levels left.
You knew the following spells:

 Your Spells              Type           Power        Failure   Level  Hunger
a - Shock                 Conj/Air       ##..         6%          1    None

Your spell library contained the following spells:

 Spells                   Type           Power        Failure   Level  Hunger
 Swiftness                Chrm/Air       #.......     11%         2    ##.....
 Static Discharge         Conj/Air       ##......     19%         3    ###....
 Airstrike                Air            ###.......   36%         4    ####...
 Lightning Bolt           Conj/Air       ##........   86%         5    ######.


Dungeon Overview and Level Annotations

Branches:
Dungeon (3/15)

Altars:

Annotations:
D:3 Ijyb


Message History

Found a stone staircase leading down.
Unknown command.
A bat and a goblin come into view.
The goblin shouts!
You hear a shout!
Some of the chunks of flesh in your inventory have rotted away.
There is a stone staircase leading down here.
Casting: Shock (safe; 6% risk of failure)
Confirm with . or Enter, or press ? or * to list all spells.
Aiming: Shock (safe; 6% risk of failure)
Press: ? - help, Shift-Dir - straight line The zap hits the goblin.
You kill the goblin!
The bat hits you but does no damage. The bat closely misses you.
Casting: Shock (safe; 6% risk of failure)
Confirm with . or Enter, or press ? or * to list all spells.
Aiming: Shock (safe; 6% risk of failure)
Press: ? - help, Shift-Dir - straight line, f - bat
Aim: a bat The zap hits the bat.
The bat is severely wounded.
The bat hits you. The bat closely misses you.
Casting: Shock (safe; 6% risk of failure)
Confirm with . or Enter, or press ? or * to list all spells.
Aiming: Shock (safe; 6% risk of failure)
Press: ? - help, Shift-Dir - straight line, f/p - bat
Aim: a bat (severely wounded)
The zap hits the bat.
You kill the bat!
There is a stone staircase leading down here.
You see here a bat corpse.
You butcher the bat corpse.
d - 4 chunks of flesh (gained 1)
You see here a bat skeleton.
There is a stone staircase leading down here.
You start resting.
HP restored.
You start resting.
Magic restored.
You climb downwards.
A rat, an ooze and Ijyb come into view.
Ijyb is carrying a wand of scattershot (4).
Ijyb shouts!
You hear a shout!
Some of the chunks of flesh in your inventory have rotted away.
Found a scroll labeled PESUPR CO DYJU and 17 gold pieces.
Found an escape hatch in the ceiling.
There is a stone staircase leading up here.
Casting: Shock (safe; 6% risk of failure)
Confirm with . or Enter, or press ? or * to list all spells.
Aiming: Shock (safe; 6% risk of failure)
Press: ? - help, Shift-Dir - straight line, f - rat
Aim: a rat The zap hits the rat.
You kill the rat!
The ooze jiggles.
Ijyb zaps a wand.
The burst of metal fragments misses you.
The burst of metal fragments hits you!
Ouch! That really hurt!
* * * LOW HITPOINT WARNING * * *
The burst of metal fragments hits you.
Ouch! That really hurt!
You die...

##.......
####........
........... #
##....†.....
##.#...........
...?...........
##.............
#......@.......
...............
...............
#..............
.#.............
#J......g...<.
...#.....$.....
#..##..........


You could see Ijyb and an ooze.

Vanquished Creatures
  A goblin (D:2)
  A hobgoblin (D:1)
  A jackal (D:2)
  A bat (D:2)
  A frilled lizard (D:1)
  A kobold (D:1)
  2 rats
8 creatures vanquished.

Notes
Turn   | Place    | Note
-------+----------+-------------------------------------------
     0 | D:1      | Amnesiac the Deep Elf Air Elementalist began the quest for
                  | the Orb.
     0 | D:1      | Reached XP level 1. HP: 10/10 MP: 6/6
   272 | D:3      | Noticed Ijyb
   273 | D:3      | Killed from afar by Ijyb

Levels and vault maps discovered:
D:1:      dpeg_arrival_ternary, layout_loops_ring,
          hangedman_decor_clover_reticule
D:2:      layout_loops_ring, good_gods_temple_1, nicolae_overflow_hidden_temple
D:3:      layout_basic, grunt_gozag_statues, old_standard_altar, uniq_ijyb

Action                   || total
-------------------------++-------
Melee: Unarmed           ||     2
 Cast: Shock             ||    12
Armor: Robe              ||     1
Dodge: Dodged            ||     6

Table legend:
 A = Non-vault XP
 B = Vault XP
 C = Vault XP percentage of total XP
 D = Non-vault monster count
 E = Vault monster count
 F = Vault count percentage of total count
                 A         B        C        D         E       F
            +---------+---------+-------+---------+---------+-------
      Total |      11 |       0 |   0.0 |       8 |       0 |   0.0
            +---------+---------+-------+---------+---------+-------
        D:1 |       5 |       0 |   0.0 |       4 |       0 |   0.0
        D:2 |       5 |       0 |   0.0 |       3 |       0 |   0.0
        D:3 |       1 |       0 |   0.0 |       1 |       0 |   0.0
            +---------+---------+-------+---------+---------+-------
